 Dungeon Crawl Stone Soup version 0.30.1-3-gfc49f6343a (webtiles) character file.

Game seed: 7100089500088657693

53 boopmooplesden the Twirler (level 3, -13/28 HPs)
             Began as a Demonspawn Gladiator on Aug 3, 2023.
             Killed from afar by Sigmund (19 damage)
             ... with a bolt of dispelling energy
             ... on level 2 of the Dungeon.
             The game lasted 00:02:15 (1541 turns).

boopmooplesden the Twirler (Demonspawn Gladiator)   Turns: 1541, Time: 00:02:16

Health: -13/28     AC:  9    Str: 16    XL:     3   Next: 64%
Magic:  3/3        EV:  8    Int:  9    God:
Gold:   80         SH:  4    Dex: 14    Spells: 2/2 levels left

rFire   . . .        a - +0 quarterstaff
rCold   . . .        (shield currently unavailable)
rNeg    . . .        p - +0 chain mail
rPois   .            c - +0 helmet
rElec   .            (no cloak)
rCorr   +            (no gloves)
SInv    .            (no boots)
Will    .....        (no amulet) Stlth
                     m - ring of resist corrosion
HPRegen 0.24/turn    (no ring)
MPRegen 0.08/turn

%: no passive effects
@: no status effects
A: large bone plates 1
a: no special abilities


You were on level 2 of the Dungeon.
You visited 1 branch of the dungeon, and saw 2 of its levels.

You collected 80 gold pieces.

Inventory:

Hand Weapons
 a - a +0 quarterstaff (weapon)
Missiles
 d - 2 throwing nets (quivered)
 e - a javelin
Armour
 b - a +0 leather armour
 c - a +0 helmet (worn)
 n - a +0 ring mail
 p - a +0 chain mail (worn)
Jewellery
 m - a ring of resist corrosion (left hand)
 o - a ring of wizardry
Scrolls
 f - a scroll of enchant weapon {unknown}
 l - a scroll of magic mapping {unknown}
 q - a scroll of immolation {unknown}
Potions
 g - a potion of mutation {unknown}
 h - 4 potions of curing
 i - 2 potions of heal wounds
 j - a potion of brilliance {unknown}
 k - a potion of lignification {unknown}


   Skills:
 + Level 2.5 Fighting
 + Level 3.2 Staves
 + Level 2.1 Throwing
 + Level 0.9 Armour
 + Level 3.1 Dodging
 + Level 0.1 Shields


You had 2 spell levels left.
You didn't know any spells.
Your spell library contained the following spells:

 Spells                   Type           Power      Damage    Failure   Level
 Sublimation of Blood     Necr           0%         N/A       100%        2
 Petrify                  Tmut/Erth      0%         N/A       100%        4
 Irradiate                Conj/Tmut      0%         3d11      100%        5


Dungeon Overview and Level Annotations

Branches:
Dungeon (2/15)

Altars:

Annotations:
D:2 Sigmund


Innate Abilities, Weirdness & Mutations

You are partially covered in large bone plates. (SH +4)


Message History

h - 3 potions of curing (gained 1)
h - 4 potions of curing (gained 1)
You now have 80 gold pieces (gained 4).
You see here a scroll labelled FAH DAUSOISIEZU.
An endoplasm is nearby!
q - a scroll labelled FAH DAUSOISIEZU The endoplasm quivers.
The endoplasm freezes you.
You are frozen.
You sock the endoplasm!
You kill the endoplasm!
Sigmund is nearby!
Sigmund is nearby!
Sigmund is nearby!
Sigmund shouts!
Sigmund hits you but does no damage.
There are no items here.
Throw: 3 throwing nets
Press: ? - help, Q - select action, (/) - cycle Shift-Dir - straight line, f - Sigmund
Aim: Sigmund, wielding a +0 scythe, wearing a +2 robe of cold resistance and carrying a wand of quicksilver (9) (57% to hit)
You throw a throwing net. The throwing net hits Sigmund.
Sigmund is caught in the net!
You hit Sigmund but do no damage.
Sigmund struggles against the net.
You thump Sigmund!
Sigmund is moderately wounded.
Sigmund struggles against the net.
You hit Sigmund.
Sigmund is heavily wounded.
Sigmund zaps a wand.
The bolt of dispelling energy hits you!!
Ouch! That really hurt!
* * * LOW HITPOINT WARNING * * *
Sigmund struggles against the net.
You catch the helpless Sigmund completely off-guard!
You hit Sigmund.
Sigmund is severely wounded.
Sigmund zaps a wand.
The bolt of dispelling energy hits you!!
Ouch! That really hurt!
You die...

#.#......#............
#.###.#########.######
##..........## #.####
.....##.......# #....#
.#.#..#.#.....# ####.#
# #..........# #.#
#....####.## #.#
#.#.#.....# #.#
...#.@..#### ###.# ###
###@..# #...#
......#..### #.###
####..#....#####.#
#.....#.......#
....####.####### #.#..
#.# #.#.. ### #


You could see Sigmund (caught).

Vanquished Creatures
  A dart slug (D:1)
  An orc (D:2)
  6 ball pythons
  3 endoplasms
  8 giant cockroaches
  4 goblins
  2 hobgoblins
  8 kobolds
  2 quokkas (D:1)
  5 bats
  A frilled lizard (D:2)
41 creatures vanquished.

Notes
Turn   | Place    | Note
-------+----------+-------------------------------------------
     0 | D:1      | boopmooplesden the Demonspawn Gladiator began the quest for
                  | the Orb.
     0 | D:1      | Reached XP level 1. HP: 16/16 MP: 1/1
   180 | D:1      | Gained mutation: You are partially covered in large bone
                  | plates. (SH +4) [demonic ancestry]
   180 | D:1      | Reached XP level 2. HP: 22/22 MP: 2/2
   747 | D:1      | Reached XP level 3. HP: 28/28 MP: 3/3
  1326 | D:2      | Noticed Sigmund
  1541 | D:2      | Killed from afar by Sigmund

Illustrated notes

Levels and vault maps discovered:
D:1:      dpeg_arrival_ternary, layout_basic, minivault_23,
          minmay_close_crescents
D:2:      layout_basic, minmay_worlds_worst_comb, uniq_sigmund

Skill      XL: |  1  2 |
---------------+-------+-----
Throwing       | 2 |  2.1
Staves         | 3 |  3.2
Dodging        | 3 |  3.1
Fighting       | |  2.5
Armour         | |  0.9
Shields        | |  0.1

Action                     || total
---------------------------++-------
  Melee: Quarterstaff      ||   122
  Throw: Throwing net      ||     1
    Use: Scroll            ||     4
   Stab: Held in net/web   ||     1
         Sleeping          ||     1
 Armour: Leather armour    ||    43
         Chain mail        ||     2
  Dodge: Dodged            ||   101
  Block: Other             ||    23
